 Dungeon Crawl Stone Soup version 0.15.2 (webtiles) character file.

22151 glosham the Shatterer (level 12, -39/189 HPs)
             Began as an Ogre Arcane Marksman on Apr 5, 2017.
             Was a Priest of the Shining One.
             Annihilated by an ettin
             ... wielding a +0 dire flail
              (42 damage)
             ... on Level 13 of the Dungeon on Apr 8, 2017.
             The game lasted 03:27:39 (10487 turns).

glosham the Shatterer (Ogre Arcane Marksman)       Turns: 10487, Time: 03:27:40

HP -39/189       AC  6     Str 24      XL: 12   Next: 97%
MP  16/16        EV 10     Int 11 (12) God: the Shining One [***...]
Gold 810         SH  0     Dex 13      Spells:  2 memorised,  9 levels left

rFire  . . .     SeeInvis .     a - +2 giant spiked club (flame)
rCold  + . .     Clarity  .     X - +2 robe {MR+}
rNeg   + . .     rCorr    .     (shield restricted)
rPois  .         rRot     .     (helmet restricted)
rElec  .         Spirit   .     (no cloak)
SustAb .         Warding  .     (gloves unavailable)
rMut   .         Stasis   .     (boots unavailable)
Gourm  +                        z - amulet of the gourmand
MR     ++...                    B - ring of protection from cold
                                A - +1 ring of protection

@: berserking, glowing, very quick, very resistant to hostile enchantments,
extremely unstealthy
A: unfitting armour, tough skin 1
a: Divine Shield, Renounce Religion


You were on level 13 of the Dungeon.
You worshipped the Shining One.
The Shining One was most pleased with you.
You were completely stuffed.

You visited 3 branches of the dungeon, and saw 15 of its levels.
You also visited: Volcano.

You collected 810 gold pieces.

Inventory:

Hand weapons
 a - a +2 giant spiked club of flaming (weapon)
Missiles
 c - 10 large rocks
 e - 475 stones (quivered)
 f - 5 throwing nets
 H - 3 tomahawks
Armour
 D - a +0 animal skin of fire resistance
 E - a +2 robe of cold resistance
 X - a +2 robe of magic resistance (worn)
Magical devices
 d - a wand of cold (2)
 g - a wand of digging (11)
 h - a wand of disintegration (10)
 i - a wand of lightning (3)
 j - a wand of confusion (2)
Comestibles
 b - 14 bread rations
 I - 6 chunks of centaur flesh
Scrolls
 k - 14 scrolls of teleportation
 l - 3 scrolls of blinking
 m - 2 scrolls of fog
 n - a scroll of fear
 o - a scroll of remove curse
 q - a scroll of recharging
 G - a scroll of enchant armour
 J - a scroll of identify
Jewellery
 y - an uncursed amulet of resist mutation
 z - an amulet of the gourmand (around neck)
 A - a +1 ring of protection (left hand)
 B - a ring of protection from cold (right hand)
 C - an uncursed ring of magical power
 N - an uncursed ring of positive energy
 S - an uncursed ring of sustain abilities
 T - an uncursed ring of teleport control
Potions
 p - a potion of mutation {!q}
 r - 3 potions of heal wounds
 s - a potion of curing
 t - a potion of haste
 u - 4 potions of resistance
 v - 4 potions of agility
 w - 3 potions of brilliance
 x - a potion of berserk rage {!q}
 F - 3 potions of might


   Skills:
 - Level 10.2 Fighting
 * Level 22.5 Maces & Flails
 - Level 2.1 Throwing
 - Level 1.7 Dodging
 - Level 1.2 Spellcasting
 - Level 2.1 Hexes


You had 9 spell levels left.
You knew the following spells:

 Your Spells              Type           Power        Failure   Level  Hunger
c - Corona                Hex            #......      17%         1    ##.....
f - Flight                Chrm/Air       #.........   90%         3    ####...


Dungeon Overview and Level Annotations

Branches:
Dungeon (13/15)            Temple (1/1) D:6             Orc (0/4) D:12
   Lair (1/8) D:9
 Vaults: D:13-14

Altars:
Ashenzari
Cheibriados
Dithmenos
Elyvilon
Fedhas
Kikubaaqudgha
Makhleb
Nemelex Xobeh
Okawaru
Qazlal
Sif Muna
Trog
Vehumet
Xom
Yredelemnul
Zin
The Shining One

Shops:
D:13 (


Innate Abilities, Weirdness & Mutations

You are too large for most types of armour.
You have tough skin (AC +1).


Message History

The centaur unwields an uncursed shortbow.
The centaur hits you. The centaur completely misses you.
You bludgeon the centaur!! You burn the centaur!
You kill the centaur!
The unseen horror closely misses you. The unseen horror hits you!
You see here 2 arrows.
You impale the unseen horror!! You burn the unseen horror!
You kill the unseen horror!
The centaur warrior wields a shortbow.
The centaur warrior shoots an arrow.
The arrow hits you!
A centaur warrior comes into view. It is wielding a shortbow.
Things that are here:
an uncursed shortbow; 24 arrows The centaur warrior shoots an arrow.
The arrow barely misses you.
The centaur warrior unwields an uncursed shortbow.
The centaur warrior hits you!
Drink which item? (? for menu, Esc to quit)
Really quaff
x - 2 potions of berserk rage {!q}?
A red film seems to cover your vision as you go berserk!
You feel yourself moving faster!
You feel mighty! The centaur warrior hits you! The centaur warrior hits you!
You flatten the centaur warrior like a pancake!!!
You burn the centaur warrior!
You kill the centaur warrior!
You hear a shout!
You sock the ettin! You burn the ettin.
The ettin is moderately wounded.
The ettin hits you with a dire flail!!
* * * LOW HITPOINT WARNING * * *
The ettin hits you with a dire flail!!
* * * LOW HITPOINT WARNING * * *
You puncture the ettin! You burn the ettin.
The ettin is heavily wounded.
You hit the ettin but do no damage.
The ettin is heavily wounded.
You hit the ettin. You burn the ettin.
The ettin is heavily wounded.
The ettin hits you with a dire flail!!!
You die...

########.#(##..#
##.#####
#(#.###.# .8.
###.....# $....
#.###.# .#$CQ..
#.....# #$..8.
#.###.# #.##.
#.# #.# # .. #.#
#(####'###...
#.# #).@........
#.# ####C#######
### .# .. ###


You could see an ettin.

Vanquished Creatures
  A mottled draconian (Volcano)
  Erica (D:10)
  3 centaur warriors (D:13)
  Erolcha (D:10)
  An unseen horror (D:13)
  Pikel (D:5)
  5 hill giants
  The ghost of Goblin1989 the Ruffian, an experienced VSHe of Elyvilon (D:8)
  An orc sorcerer (D:12)
  2 cyclopes
  2 ugly things (D:13)
  A queen ant (Lair:1)
  Psyche (D:11)
  A spiny frog (Lair:1)
  A feature mimic (D:9)
  A troll (D:10)
  A two-headed ogre (Volcano)
  Prince Ribbit (D:7)
  A hydra skeleton (D:13)
  A basilisk (Lair:1)
  A hill giant zombie (D:7)
  A deep elf mage (D:11)
  11 yaks
  3 hungry ghosts
  Eustachio (D:9)
  3 fire bats (Lair:1)
  A wyvern (D:12)
  3 hippogriffs
  A porcupine (Lair:1)
  5 soldier ants (Lair:1)
  A slave (D:4)
  3 sky beasts
  8 ogres
  5 orc warriors
  3 necrophages
  10 centaurs
  Sigmund (D:5)
  Duvessa (D:9)
  A big kobold (D:8)
  A brain worm (D:13)
  2 crocodiles (Lair:1)
  7 giant frogs
  A tengu zombie (D:12)
  A gnoll sergeant (D:8)
  2 killer bees (D:8)
  2 scorpions
  A hippogriff skeleton (D:13)
  4 troll zombies (D:12)
  A goliath beetle (D:11)
  9 wights
  4 hounds
  Dowan (D:9)
  7 crimson imps
  2 orc priests
  A centaur zombie (D:11)
  2 giant frog skeletons
  4 jellies
  4 iguanas
  A quasit (D:9)
  13 orc wizards
  12 worker ants
  6 ogre zombies
  A killer bee zombie (D:7)
  2 sheep (D:11)
  A mummy (D:8)
  Terence (D:3)
  A worker ant zombie (D:6)
  12 adders
  9 gnolls
  3 orc skeletons
  3 giant mites
  9 green rats (Lair:1)
  An inept item mimic (D:3)
  A shadow imp (D:5)
  9 worms
  12 giant geckos
  32 orcs
  4 ball pythons
  7 giant cockroaches
  13 goblins
  15 hobgoblins
  4 jackals (D:3)
  29 kobolds
  8 quokkas
  15 bats
  3 giant newts
  A gnoll skeleton (D:5)
  2 goblin skeletons (D:12)
  3 goblin zombies (D:12)
  A hobgoblin skeleton (D:12)
  3 hobgoblin zombies (D:12)
  A jackal zombie (D:6)
  A kobold skeleton (D:4)
  12 orc zombies (D:12)
  A quokka skeleton (D:9)
  14 rats
  2 rat skeletons
  6 plants (Lair:1)
421 creatures vanquished.

Notes
Turn   | Place    | Note
--------------------------------------------------------------
     0 | D:1      | glosham, the Ogre Arcane Marksman, began the quest for the Orb.
     0 | D:1      | Reached XP level 1. HP: 19/19 MP: 2/2
    94 | D:3      | Reached skill level 1 in Maces & Flails
   129 | D:4      | Reached skill level 2 in Maces & Flails
   129 | D:4      | Reached XP level 2. HP: 22/28 MP: 3/3
   130 | D:4      | Noticed an ogre
   149 | D:4      | Killed an ogre
   149 | D:4      | Reached skill level 3 in Fighting
   149 | D:4      | Reached skill level 4 in Maces & Flails
   149 | D:4      | Reached XP level 3. HP: 15/37 MP: 4/4
   149 | D:4      | Reached XP level 4. HP: 18/45 MP: 6/6
   306 | D:4      | Reached XP level 5. HP: 20/53 MP: 5/7
   367 | D:4      | Noticed a worker ant
   377 | D:4      | Killed a worker ant
   377 | D:4      | Reached skill level 5 in Maces & Flails
   476 | D:3      | Reached skill level 4 in Fighting
   570 | D:3      | HP: 5/54 [kobold/runed short sword (6)]
  1423 | D:4      | Noticed an ogre
  1446 | D:4      | Killed an ogre
  1446 | D:4      | Reached skill level 5 in Fighting
  1446 | D:4      | Reached skill level 6 in Maces & Flails
  1446 | D:4      | Reached XP level 6. HP: 27/66 MP: 8/8
  1609 | D:3      | Noticed Terence
  1621 | D:3      | Killed Terence
  1664 | D:3      | Noticed a hound
  1670 | D:3      | Killed a hound
  1979 | D:3      | Reached XP level 7. HP: 74/74 MP: 7/9
  2051 | D:3      | Reached skill level 6 in Fighting
  2051 | D:3      | Reached skill level 7 in Maces & Flails
  2213 | D:4      | Noticed an orc wizard
  2231 | D:4      | Noticed an orc wizard
  2245 | D:4      | Killed an orc wizard
  2252 | D:4      | Killed an orc wizard
  2266 | D:4      | Noticed a worker ant
  2272 | D:4      | Killed a worker ant
  2484 | D:5      | Entered Level 5 of the Dungeon
  2486 | D:5      | Noticed Pikel
  2592 | D:5      | Reached skill level 8 in Maces & Flails
  2596 | D:5      | Reached skill level 7 in Fighting
  3223 | D:5      | Reached XP level 8. HP: 69/87 MP: 11/11
  3294 | D:5      | Noticed Sigmund
  3325 | D:5      | Killed Sigmund
  3373 | D:5      | Killed Pikel
  3373 | D:5      | Reached skill level 9 in Fighting
  3373 | D:5      | Reached skill level 9 in Maces & Flails
  3451 | D:5      | Reached skill level 10 in Maces & Flails
  3802 | D:7      | Reached skill level 10 in Fighting
  3802 | D:7      | Reached XP level 9. HP: 83/101 MP: 12/12
  4023 | D:6      | Found a staircase to the Ecumenical Temple.
  4034 | Temple   | Entered the Ecumenical Temple
  4062 | Temple   | Became a worshipper of the Shining One
  4309 | D:7      | Reached skill level 11 in Maces & Flails
  4552 | D:8      | Reached skill level 12 in Maces & Flails
  4753 | D:8      | Noticed Goblin1989's ghost (experienced VSHe)
  4772 | D:8      | Killed Goblin1989's ghost
  4772 | D:8      | Reached skill level 13 in Maces & Flails
  4974 | D:7      | Reached skill level 14 in Maces & Flails
  4974 | D:7      | Reached XP level 10. HP: 68/110 MP: 13/13
  5256 | D:7      | Found a bloodstained altar of Trog.
  5309 | D:7      | Noticed Prince Ribbit
  5315 | D:7      | Killed Prince Ribbit
  5699 | D:8      | HP: 11/110 [centaur (2)]
  5776 | D:8      | Reached skill level 15 in Maces & Flails
  5949 | D:9      | Noticed Eustachio
  6029 | D:9      | Killed Eustachio
  6036 | D:10     | Entered Level 10 of the Dungeon
  6145 | D:9      | Acquired the Shining One's first power
  6237 | D:9      | Found a snail-covered altar of Cheibriados.
  6240 | D:9      | Found an ancient bone altar of Kikubaaqudgha.
  6240 | D:9      | Found a basalt altar of Yredelemnul.
  6271 | D:9      | Found a staircase to the Lair.
  6426 | D:9      | Noticed a hill giant
  6430 | D:9      | Killed a hill giant
  6430 | D:9      | Reached skill level 16 in Maces & Flails
  6462 | D:9      | Noticed Dowan
  6463 | D:9      | Noticed Duvessa
  6477 | D:9      | Killed Duvessa
  6487 | D:9      | Killed Dowan
  6907 | D:10     | Noticed a hill giant
  6914 | D:10     | Killed a hill giant
  6931 | D:10     | Noticed a hill giant
  6938 | D:10     | Killed a hill giant
  6938 | D:10     | Reached skill level 17 in Maces & Flails
  6938 | D:10     | Reached XP level 11. HP: 96/118 MP: 14/14
  6981 | D:10     | Noticed Erica
  6985 | D:10     | Killed Erica
  7088 | D:10     | Noticed Erolcha
  7092 | D:10     | Killed Erolcha
  7092 | D:10     | Reached skill level 18 in Maces & Flails
  7363 | Lair:1   | Entered Level 1 of the Lair of Beasts
  7690 | Lair:1   | Found a dark tunnel.
  7712 | Lair:1   | Learned a level 3 spell: Flight
  7719 | Volcano  | Entered a volcano
  7835 | Volcano  | Noticed a mottled draconian
  7846 | Volcano  | Killed a mottled draconian
  7846 | Volcano  | Reached skill level 19 in Maces & Flails
  8071 | Lair:1   | Acquired the Shining One's second power
  8602 | D:11     | Noticed a hill giant
  8616 | D:11     | Killed a hill giant
  8616 | D:11     | Reached skill level 20 in Maces & Flails
  8616 | D:11     | Reached XP level 12. HP: 105/126 MP: 16/16
  8841 | D:11     | Noticed Psyche
  8844 | D:11     | Killed Psyche
  9081 | D:12     | HP: 10/126 [orc sorcerer/bolt of negative energy (18)]
  9119 | D:12     | Found a staircase to the Orcish Mines.
  9129 | D:12     | HP: 8/126 [troll zombie (9)]
  9136 | D:12     | HP: 9/126 [goblin zombie (1)]
  9527 | D:12     | Reached skill level 21 in Maces & Flails
  9787 | D:13     | Found Klubemi's Weapon Shoppe.
  9863 | D:13     | Noticed a tengu reaver
  9865 | D:13     | Noticed an ettin
  9910 | D:13     | Noticed a centaur warrior
  9918 | D:13     | Killed a centaur warrior
 10333 | D:13     | Noticed a centaur warrior
 10341 | D:13     | Killed a centaur warrior
 10341 | D:13     | Reached skill level 22 in Maces & Flails
 10480 | D:13     | Noticed a centaur warrior
 10483 | D:13     | Killed a centaur warrior
 10484 | D:13     | HP: 3/189 [ettin/dire flail (32)]
 10487 | D:13     | Annihilated by an ettin

Action                   |  1- 3 |  4- 6 |  7- 9 | 10-12 || total
-------------------------+-------+-------+-------+-------++-------
Melee: Whip              |    19 |   205 |   227 |       ||   451
       Giant spiked club |       |       |   113 |   519 ||   632
Throw: Large rock        |     5 |       |     4 |     2 ||    11
       Throwing net      |     2 |     1 |     1 |       ||     4
       Stone             |       |     6 |    12 |    25 ||    43
       Tomahawk          |       |       |       |    20 ||    20
 Cast: Corona            |     4 |    59 |    64 |    57 ||   184
       Flight            |       |       |       |     1 ||     1
Evoke: Wand              |       |     1 |    10 |    19 ||    30
  Use: Scroll            |       |    10 |     5 |    16 ||    31
       Potion            |       |       |     1 |     3 ||     4
 Stab: Sleeping          |       |     1 |       |       ||     1
  Eat: Chunk             |       |     6 |    12 |    31 ||    49
       Fruit             |       |       |     1 |       ||     1

Table legend:
 A = Turns spent in this place as a percentage of turns spent in the entire game.
 B = Non-inter-level travel turns spent in this place as a percentage of non-inter-level travel turns spent in the entire game.
 C = Inter-level travel turns spent in this place as a percentage of turns spent in this place.
 D = Turns resting spent in this place as a percentage of non-inter-level travel turns spent in this place.
 E = Turns spent auto-exploring this place as a percentage of non-inter-level travel turns spent in this place.
 F = Non-inter-level travel turns spent in this place divided by the number of levels of this place that you've seen.
                   A       B       C       D       E      F
               +-------+-------+-------+-------+-------+----------------------
         Total | 100.0 | 100.0 |   0.7 |   0.5 |   0.1 | 498.9
       Dungeon |  86.6 |  86.6 |   0.7 |   0.6 |   0.1 | 532.0
        Temple |   1.7 |   1.7 |   2.2 |   0.0 |   0.0 | 134.0
          Lair |   9.7 |   9.7 |   0.8 |   0.0 |   0.1 | 772.0
       Volcano |   2.0 |   2.0 |   0.0 |   0.0 |   0.0 | 161.0
               +-------+-------+-------+-------+-------+----------------------

Table legend:
 A = Kills in this place as a percentage of kills in entire the game.
 B = Kills by you in this place as a percentage of kills by you in the entire game.
 C = Kills by friends in this place as a percentage of kills by friends in the entire game.
 D = Other kills in this place as a percentage of other kills in the entire game.
 E = Experience gained in this place as a percentage of experience gained in the entire game.
 F = Experience gained in this place divided by the number of levels of this place that you have seen.
                   A       B       C       D       E      F
               +-------+-------+-------+-------+-------+----------------------
         Total | 100.0 | 100.0 |  -nan |  -nan | 100.0 | 1977.8
       Dungeon |  89.1 |  89.1 |  -nan |  -nan |  82.6 | 2011.5
          Lair |   9.4 |   9.4 |  -nan |  -nan |  11.0 | 3473.0
       Volcano |   1.5 |   1.5 |  -nan |  -nan |   6.4 | 2023.0
               +-------+-------+-------+-------+-------+----------------------

Vault maps used:
D:1:      evilmike_arrival_home_sweet_home, minmay_misc_feat_cross,
          hangedman_decor_growths
D:2:      st_stairs_5, minmay_tree_intersection
D:3:      kennysheep_generic_room_13, uniq_terence
D:4:      first_bread, st_stairs_10
D:5:      uniq_pikel, uniq_sigmund
D:6:      minmay_temple_entry_trees
D:7:      grunt_ogre_cave, corexii_item_surrounded_by_moat, trog_hazing_becter,
          uniq_prince_ribbit1
D:9:      grunt_temple_overflow_open, lair_0_dummy, hex_large, minivault_25,
          corner_web_ring, uniq_eustachio, uniq_duvessa
D:10:     uniq_erica, uniq_erolcha
D:11:     uniq_psyche
D:12:     zombieorc2_lemuel, basic_altar
D:13:     hangedman_vaults_entry_quadrant_bands, serial_shops,
          nicolae_shop_crystal, jmf_multi_god_temple
Temple:   minmay_temple_curvy_14
Lair:1:   nicolae_volcano_entry_batcave, wad_woods_antlair
Volcano:  volcano_pools
